 Dungeon Crawl Stone Soup version 0.29-a0-512-gf59ac78 (webtiles) character file.

Game seed: 9128769800214443889

14 lyrin the Skirmisher (level 2, -3/24 HPs)
             Began as a Formicid Berserker on May 29, 2022.
             Was a Follower of Trog.
             Slain by a gnoll
             ... wielding a +0 club
              (5 damage)
             ... on level 1 of the Dungeon.
             The game lasted 00:00:56 (627 turns).

lyrin the Skirmisher (Formicid Berserker)            Turns: 627, Time: 00:00:57

Health: -3/24      AC:  5    Str: 21    XL:     2   Next: 60%
Magic:  2/2        EV: 11    Int:  6    God:    Trog [*.....]
Gold:   15         SH:  0    Dex: 16    Spells: 1/1 levels left

rFire   . . .      SeeInvis +   a - +0 spear
rCold   . . .      Faith    .   (no shield)
rNeg    . . .      Spirit   .   d - +0 ring mail
rPois   .          Reflect  .   (helmet unavailable)
rElec   .          Harm     .   (no cloak)
rCorr   .          Rampage  .   (no gloves)
Will    .....                   (no boots)
Stlth   +.........              (no amulet)
HPRegen 0.08/turn               e - +6 ring of dexterity
MPRegen 0.08/turn               (no ring)

@: brilliant
A: permanent stasis, dig shafts and tunnels, antennae 3, four strong arms
a: Dig, Shaft Self, Renounce Religion


You were on level 1 of the Dungeon.
You worshipped Trog.
Trog was aware of your devotion.
You visited 1 branch of the dungeon, and saw 2 of its levels.

You collected 15 gold pieces.

Inventory:

Hand Weapons
 a - a +0 spear (weapon)
 b - a +2 whip of holy wrath
Armour
 d - a +0 ring mail (worn)
Jewellery
 e - a +6 ring of dexterity (left hand)


   Skills:
 + Level 3.5 Fighting
 + Level 3.3 Polearms
 + Level 2.2 Armour
 + Level 2.0 Dodging
 + Level 0.3 Stealth


You had one spell level left.
You didn't know any spells.
Your spell library was empty.

Dungeon Overview and Level Annotations

Branches:
Dungeon (2/15)

Altars:


Innate Abilities, Weirdness & Mutations

You cannot be hasted, slowed, berserked, paralysed or teleported.
You can dig through walls and to a lower floor.
You have a pair of large antennae on your head. (SInv)
Your four strong arms can wield two-handed weapons with a shield.


Message History

You hit the gnoll but do no damage.
The gnoll is heavily wounded.
You hit the gnoll but do no damage.
The gnoll is heavily wounded.
The gnoll hits you with a +0 club.
You hit the gnoll but do no damage.
The gnoll is heavily wounded.
The gnoll hits you with a +0 club.
You completely miss the gnoll.
The gnoll is heavily wounded.
The gnoll barely misses you.
You closely miss the gnoll.
The gnoll is heavily wounded.
The gnoll closely misses you.
You hit the gnoll.
The gnoll is heavily wounded.
The gnoll hits you with a +0 club.
You barely miss the gnoll.
The gnoll is heavily wounded.
The gnoll hits you with a +0 club.
* * * LOW HITPOINT WARNING * * *
You hit the gnoll.
The gnoll is severely wounded.
The gnoll misses you.
You completely miss the gnoll.
The gnoll is severely wounded.
The gnoll closely misses you.
Okay, then.
It was a potion of brilliance.
You feel clever all of a sudden. The gnoll hits you with a +0 club.
* * * LOW HITPOINT WARNING * * *
You closely miss the gnoll.
The gnoll is severely wounded.
The gnoll hits you with a +0 club.
* * * LOW HITPOINT WARNING * * *
You closely miss the gnoll.
The gnoll is severely wounded.
The gnoll hits you with a +0 club.
You die...

#. . # #..#.#.# #.# ##. .#
#..#.#.# #..#####.##.# .)
#.?#.#.# #.#.........# .#
#..#.#.# ..$.........# ##.##
#..#.#.#
#..8.8...###...###..#.#J######
.###...>........#......g..g......
......8.8..####..g#######.)#####.
.##....†...###..@..# #.†# #.
##...............# #..# #.
#######)###.....# #..# ##. #.#
##.....[.. ...# #.. #.#
##.########.## ##.# #.# #.# #.#
##..# #.# #.# #$###...# { #.# #.#
#.##....# #.# .# #..⌠..#


You could see a gnoll.

Vanquished Creatures
  4 endoplasms (D:1)
  2 goblins (D:1)
  3 quokkas (D:1)
  2 ball pythons (D:1)
  A frilled lizard (D:2)
12 creatures vanquished.

Vanquished Creatures (others)
  A plant (D:2)
1 creature vanquished.

Grand Total: 13 creatures vanquished

Notes
Turn   | Place    | Note
-------+----------+-------------------------------------------
     0 | D:1      | lyrin the Formicid Berserker began the quest for the Orb.
     0 | D:1      | Reached XP level 1. HP: 18/18 MP: 1/1
   198 | D:1      | You fall into a shaft and drop 1 floor!
   444 | D:1      | Reached XP level 2. HP: 24/24 MP: 2/2
   627 | D:1      | Slain by a gnoll

Illustrated notes

Levels and vault maps discovered:
D:1:      amcnicky_arrival_feature_with_door, layout_loops_ring, st_stairs_14
D:2:      minmay_inner_zag, layout_basic, shapermc_ecumenical_altar_acropolis,
          serial_bayou_pond_d

Skill      XL: |  1 |
---------------+----+-----
Dodging        | 2 |  2.0
Fighting       | |  3.5
Polearms       | |  3.3
Armour         | |  2.2
Stealth        | |  0.3

Action                   || total
-------------------------++-------
Melee: Spear             ||    57
 Abil: Shaft Self        ||     1
  Use: Potion            ||     1
Armor: Ring mail         ||    10
Dodge: Dodged            ||    24

Table legend: (Time is in decaauts)
 A = Elapsed time spent in this place.
 B = Non-inter-level travel time spent in this place.
 C = Inter-level travel time spent in this place.
 D = Time resting spent in this place.
 E = Time spent auto-exploring this place.
 F = Levels seen in this place.
 G = Mean time per level.
                   A        B        C        D        E       F      G
               +--------+--------+--------+--------+--------+-----+--------+
         Total |    622 |    622 |      0 |    285 |    156 |   2 |  311.0 |
       Dungeon |    622 |    622 |      0 |    285 |    156 |   2 |  311.0 |
               +--------+--------+--------+--------+--------+-----+--------+

Top non-repeatable levels by time:
     D:1: 382 daAuts
     D:2: 240 daAuts
